Map: Lightshade LE

Players

黑羽快斗 (ButAlways)

  • Race: Protoss Protoss
  • League: Grandmaster
  • Spawn Location: 11:00

Yoger - Winner!

  • Race: Zerg Zerg
  • League: Master
  • Spawn Location: 5:00

Event: DreamHack SC2 Masters 2020 Winter

VOD

Have the link to the VOD?

Description

Time

  • Played on: Oct. 21, 2020, 11:06 a.m.
  • Length: 11:13

All games in this series

Show
View Real Time Build Order
Export as new Build Order

黑羽快斗 Protoss 

Build Orders: 1 Gate Expand, Proxy Void Ray 

Get SALT Encoding   

  12  0:00  Probe  
  13  0:12  Probe  
  14  0:20  Pylon  
  14  0:24  Probe  
  15  0:38  Gateway, Probe (Chrono Boost)  
  16  0:48  Assimilator, Probe (Chrono Boost)  
  17  0:53  Probe (Chrono Boost)  
  18  1:04  Probe  
  19  1:17  Probe  
  20  1:24  Nexus  
  20  1:35  Cybernetics Core  
  20  1:38  Probe  
  21  1:43  Assimilator  
  21  1:50  Probe  
  21  1:52  Pylon  
  22  2:02  Probe  
  23  2:08  Adept (Chrono Boost)  
  25  2:18  Stargate  
  25  2:19  Probe  
  25  2:30  Adept  
  25  2:34  Warp Gate, Probe (Chrono Boost)  
  25  2:36  Probe (Chrono Boost)  
  30  2:46  Probe (Chrono Boost)  
  30  2:47  Probe (Chrono Boost)  
  31  2:52  Void Ray (Chrono Boost)  
  31  2:55  Probe  
  31  2:57  Probe  
  37  3:06  Shield Battery  
  37  3:12  Gateway  
  37  3:18  Shield Battery  
  37  3:25  Probe  
  38  3:27  Probe  
  38  3:28  Void Ray (Chrono Boost)  
  39  3:37  Probe  
  39  3:39  Probe  
  43  3:49  Probe  
  43  3:51  Probe  
  45  4:01  Probe (Chrono Boost)  
  44  4:05  Probe (Chrono Boost)  
  44  4:07  Void Ray (Chrono Boost)  
  46  4:19  Pylon  
  46  4:23  Probe (Chrono Boost)  
  46  4:30  Gateway  
  46  4:32  Assimilator x2  
  46  4:37  Probe x2  
  46  4:38  Adept  
  50  4:40  Pylon  
  50  4:43  Void Ray (Chrono Boost)  
  54  4:58  Probe x2  
  56  5:03  Pylon  
  56  5:10  Probe (Chrono Boost)  
  56  5:13  Probe (Chrono Boost), Void Ray  
  63  5:23  Probe (Chrono Boost)  
  63  5:27  Probe (Chrono Boost)  
  62  5:28  Probe (Chrono Boost)  
  62  5:30  Adept  
  62  5:35  Probe  
  64  5:36  Nexus  
  64  5:38  Probe  
  65  5:47  Pylon, Probe  
  66  5:51  Probe  
  66  5:55  Stargate  
  67  5:57  Stargate  
  67  6:00  Probe  
  67  6:03  Void Ray (Chrono Boost)  
  68  6:13  Probe x2  
  74  6:19  Pylon, Protoss Air Weapons Level 1  
  74  6:25  Probe x2  
  76  6:29  Pylon  
  76  6:33  Void Ray (Chrono Boost)  
  76  6:37  Probe x2  
  82  6:40  Void Ray (Chrono Boost)  
  86  6:48  Void Ray (Chrono Boost)  
  86  6:49  Probe x2  
  86  6:53  Probe  
  93  7:01  Pylon, Probe  
  93  7:03  Void Ray  
  93  7:04  Assimilator  
  93  7:08  Assimilator  
  94  7:13  Probe  
  99  7:17  Probe x2  
  99  7:20  Pylon  
  101  7:22  Pylon  
  101  7:23  Void Ray  
  101  7:26  Probe, Void Ray  
  101  7:29  Probe x2  
  112  7:38  Probe  
  113  7:45  Fleet Beacon  
  113  7:46  Void Ray (Chrono Boost)  
  113  7:47  Probe  
  113  7:50  Probe  
  113  7:51  Pylon  
  115  7:57  Pylon, Sentry  
  121  8:06  Void Ray (Chrono Boost)  
  121  8:07  Shield Battery  
  121  8:10  Shield Battery  
  121  8:11  Probe x2  
  121  8:12  Probe, Void Ray (Chrono Boost)  
  128  8:20  Void Ray (Chrono Boost)  
  128  8:22  Flux Vanes  
  128  8:23  Shield Battery x2  
  128  8:25  Shield Battery  
  124  8:38  Probe, Void Ray  
  125  8:43  Forge  
  125  8:46  Pylon  
  129  8:49  Void Ray  
  129  8:52  Void Ray  
  137  9:03  Shield Battery  
  137  9:04  Shield Battery  
  137  9:07  Shield Battery  
  137  9:09  Shield Battery  
  137  9:10  Nexus  
  137  9:15  Void Ray  
  133  9:23  Pylon  
  137  9:29  Stargate  
  137  9:34  Void Ray (Chrono Boost)  
  141  9:39  Probe x2  
  141  9:42  Probe  
  144  9:51  Void Ray (Chrono Boost)  
  144  9:53  Shield Battery  
  144  9:54  Void Ray (Chrono Boost)  
  144  9:55  Shield Battery  
  144  9:59  Adept x2  
  127  10:09  Shield Battery, Probe x2  
  127  10:10  Shield Battery  
  124  10:14  Void Ray (Chrono Boost)  
  124  10:19  Void Ray (Chrono Boost)  
  124  10:21  Probe x2  
  120  10:28  Void Ray  
  72  10:47  Probe  
  72  10:48  Probe  
  67  10:59  Probe  
  67  11:00  Probe  
Show
View Real Time Build Order
Export as new Build Order

Yoger Zerg - Winner!

Build Orders: Pool First 

Get SALT Encoding   

  12  0:00  Drone  
  13  0:12  Overlord  
  13  0:17  Drone  
  14  0:31  Drone x2  
  16  0:39  Drone  
  17  0:43  Extractor  
  17  0:46  Spawning Pool  
  15  0:50  Drone  
  15  0:56  Drone  
  17  1:15  Drone  
  18  1:21  Hatchery  
  17  1:33  Zergling x4  
  17  1:38  Queen  
  21  1:45  Metabolic Boost  
  21  1:52  Overlord  
  21  2:03  Drone  
  22  2:11  Drone x2  
  24  2:25  Hatchery  
  23  2:34  Zergling x6  
  25  2:41  Queen  
  27  2:44  Drone  
  27  2:48  Drone  
  29  2:51  Drone  
  29  2:55  Zergling x2  
  29  2:56  Zergling x2  
  32  2:59  Zergling x2  
  33  3:09  Zergling x4  
  33  3:10  Overlord  
  35  3:16  Drone  
  35  3:26  Drone  
  35  3:28  Queen  
  35  3:30  Drone x2  
  35  3:33  Overlord  
  39  3:35  Drone  
  39  3:39  Drone  
  40  3:50  Drone x2  
  40  3:51  Queen  
  43  3:56  Drone x2  
  43  4:00  Drone x3  
  46  4:03  Drone  
  46  4:08  Queen  
  49  4:12  Drone  
  49  4:16  Drone x2  
  49  4:17  Overlord  
  49  4:27  Overlord  
  49  4:35  Queen x2  
  49  4:37  Spore Crawler  
  49  4:38  Drone x2  
  53  4:39  Drone x2  
  53  4:44  Spore Crawler  
  53  4:45  Drone x2  
  57  4:48  Drone x2  
  57  4:50  Drone  
  57  4:51  Drone  
  61  4:58  Drone  
  61  5:17  Overlord x2  
  58  5:31  Overlord x2  
  58  5:33  Lair  
  57  5:37  Drone x3  
  57  5:38  Drone x6  
  66  5:44  Extractor, Overlord  
  66  5:45  Extractor  
  66  5:47  Spore Crawler  
  66  5:48  Drone  
  64  5:51  Queen  
  64  5:58  Drone x3  
  64  6:01  Drone x2  
  64  6:02  Drone  
  64  6:03  Drone  
  71  6:13  Drone x3  
  71  6:18  Extractor  
  73  6:23  Drone x9, Extractor  
  81  6:25  Extractor  
  81  6:26  Evolution Chamber  
  81  6:27  Evolution Chamber  
  78  6:34  Drone x3, Hydralisk Den  
  80  6:44  Overlord  
  80  6:59  Hatchery  
  75  7:14  Queen  
  75  7:17  Grooved Spines, Hydralisk x2  
  75  7:18  Hydralisk x9  
  97  7:23  Queen  
  97  7:25  Overlord x2  
  97  7:26  Overlord  
  97  7:27  Queen, Overlord  
  98  7:35  Zerg Ground Armor Level 1, Zerg Missile Weapons Level 1  
  98  7:40  Overlord  
  96  7:46  Hydralisk x5  
  106  7:52  Hydralisk x2  
  106  7:56  Queen  
  112  8:00  Spore Crawler  
  112  8:01  Spore Crawler, Hydralisk x2  
  108  8:13  Hydralisk x4  
  116  8:24  Hydralisk x5  
  126  8:29  Muscular Augments  
  126  8:31  Queen  
  124  8:35  Hydralisk x5  
  124  8:40  Overlord x2  
  134  8:48  Hydralisk x2  
  137  8:59  Hatchery  
  137  9:02  Hydralisk x2  
  138  9:05  Hydralisk x2  
  144  9:11  Hydralisk x3  
  146  9:27  Overlord x3  
  146  9:28  Hydralisk  
  146  9:29  Hydralisk x2  
  150  9:41  Hydralisk x2  
  154  9:47  Overlord x2  
  154  9:52  Hydralisk x5  
  160  10:07  Hydralisk  
  160  10:08  Hydralisk x6  
  160  10:10  Queen  
  176  10:17  Hydralisk  
  176  10:18  Hydralisk x2  
  178  10:29  Hydralisk x4  
  160  10:44  Hydralisk x6  
Tags
 
Add a new tag
Caveats
  • Supply blocks, unpowered buildings, or Contaminate may cause inaccurate times.
  • Supply counts are checked every 10 seconds.